 Dungeon Crawl Stone Soup version 0.22-a0-785-g6253c82ace (webtiles) character file.

616 Cecky the Digger (level 7, -9/38 HPs)
             Began as a Gargoyle Earth Elementalist on July 20, 2018.
             Killed by divine providence
             ... invoked by an orc priest
              (15 damage)
             ... on level 4 of the Dungeon.
             The game lasted 00:09:42 (4224 turns).

Cecky the Digger (Gargoyle Earth Elementalist)      Turns: 4224, Time: 00:09:44

Health: -9/38      AC:  9    Str: 11    XL:     7   Next: 45%
Magic:  1/13       EV: 12    Int: 18    God:
Gold:   108        SH:  0    Dex: 10    Spells: 10/14 levels left

rFire    . . .     SeeInvis .   h - +2 dagger (flame)
rCold    . . .     Gourm    .   (no shield)
rNeg     + . .     Faith    .   c - +0 robe
rPois    ∞         Spirit   .   (no helmet)
rElec    +         Reflect  .   (no cloak)
rCorr    .         Harm     .   (no gloves)
MR       .....                  j - +2 pair of boots
Stlth    ++........             (no amulet)
HPRegen  0.12/turn              (no ring)
MPRegen  0.13/turn              (no ring)

@: no status effects
A: negative energy resistance 1, electricity resistance, unbreathing,
petrification resistance, rot immunity, AC +4
a: no special abilities


You were on level 4 of the Dungeon.
You were not hungry.

You visited 1 branch of the dungeon, and saw 4 of its levels.

You collected 108 gold pieces.

Inventory:

Hand Weapons
 h - a +2 dagger of flaming (weapon)
Missiles
 b - 102 stones (quivered)
Armour
 c - a +0 robe (worn)
 j - a +2 pair of boots (worn)
Jewellery
 m - an uncursed ring of magical power {unknown}
Scrolls
 e - a scroll of enchant armour {unknown}
 f - a scroll of magic mapping {unknown}
 i - 2 scrolls of teleportation
 o - a scroll of identify
 q - a scroll of fog {unknown}
Potions
 a - a potion of might
 p - a potion of resistance {unknown}
Comestibles
 d - 8 rations


   Skills:
 * Level 1.4 Fighting
 - Level 0.4 Short Blades
 - Level 1.5 Dodging
 - Level 2.1 Stealth
 + Level 4.4 Spellcasting
 * Level 3.4 Conjurations
   Level 0.7 Transmutations
 - Level 7.0 Earth Magic


You had 10 spell levels left.
You knew the following spells:

 Your Spells              Type           Power        Failure   Level  Hunger
a - Sandblast             Erth           ####..       1%          1    None
b - Stone Arrow           Conj/Erth      ###...       4%          3    ###....

Your spell library contained the following spells:

 Spells                   Type           Power        Failure   Level  Hunger
 Passwall                 Tmut/Erth      ###.....     4%          2    #......
 Lee's Rapid Deconstruct  Erth           ####......   22%         5    ######.
 Petrify                  Tmut/Erth      ###.....     28%         4    ####...


Dungeon Overview and Level Annotations

Branches:
Dungeon (4/15)
 Temple: D:4-7

Altars:
Cheibriados
Makhleb

Shops:
D:4 (


Innate Abilities, Weirdness & Mutations

You are resistant to torment.
Your stone body is resilient. (AC +4)
You are immune to poison.
You resist negative energy. (rN+)
You are resistant to electric shocks. (rElec)
You can survive without breathing.
You are immune to petrification.
You are immune to rotting.


Message History

Press: ? - help, Shift-Dir - straight line, f/p - orc priest
Aim: an orc priest, wielding a flail and wearing a leather armour (severely wounded)
The stone arrow hits the orc priest.
You kill the orc priest!
The orc priest calls down the wrath of Beogh upon you.
Beogh smites you!
* * * LOW HITPOINT WARNING * * *
You hit the orc priest but do no damage.
The orc priest barely misses you. The worker ant barely misses you.
It was a potion of might.
You feel very mighty all of a sudden.
The worker ant bites you but does no damage.
It was a potion of cancellation.
Your magical effects are unravelling.
You feel magically purged.
You feel a little less mighty now. The worker ant barely misses you.
The orc priest invokes the aid of Beogh against you.
Beogh smites you!
You die...

. ......##...##....
#####.........##...#
.....#.........#...#####.
.P...#.........#.........
PP........∩....#.........
P≈...###+#.#####.†.......
.###...# #......o)†......
.# #.#.# #######a##).....
.# #.#.# #@# .o.... .#
#.# # #..'...... ## #.#
####...... #<# ..... ###
%... .. .


You could see a worker ant and an orc priest.

Vanquished Creatures
  Sigmund (D:3)
  An ice beast (D:3)
  2 scorpions
  An orc priest (D:4)
  A hound (D:4)
  A centaur skeleton (D:4)
  Natasha (thrice) (D:3)
  3 adders
  A dart slug (D:1)
  3 leopard geckos
  6 orcs
  7 giant cockroaches
  7 goblins
  5 hobgoblins
  8 jackals
  A quokka (D:2)
  3 ball pythons
  8 bats
  7 frilled lizards
  9 kobolds
  5 rats (D:1)
83 creatures vanquished.

Notes
Turn   | Place    | Note
-------+----------+-------------------------------------------
     0 | D:1      | Cecky the Gargoyle Earth Elementalist began the quest for the Orb.
     0 | D:1      | Reached XP level 1. HP: 10/10 MP: 3/3
   151 | D:1      | Reached skill level 4 in Earth Magic
   179 | D:1      | Reached XP level 2. HP: 15/15 MP: 3/5
   580 | D:1      | Reached XP level 3. HP: 12/19 MP: 4/6
  1695 | D:2      | Reached skill level 5 in Earth Magic
  1951 | D:2      | Reached XP level 4. HP: 24/24 MP: 6/8
  2451 | D:3      | Reached XP level 5. HP: 28/28 MP: 6/10
  2542 | D:3      | Learned a level 3 spell: Stone Arrow
  2543 | D:3      | Noticed Sigmund
  2548 | D:3      | Killed Sigmund
  2548 | D:3      | Reached skill level 6 in Earth Magic
  2548 | D:3      | Reached XP level 6. HP: 33/33 MP: 6/11
  2721 | D:3      | Noticed Natasha
  2731 | D:3      | Noticed an ice beast
  2799 | D:3      | Killed an ice beast
  2799 | D:3      | Reached skill level 7 in Earth Magic
  2988 | D:3      | Found a snail-covered altar of Cheibriados.
  3437 | D:3      | Found a burning altar of Makhleb.
  3499 | D:3      | Killed Natasha
  3828 | D:3      | Noticed Natasha
  3834 | D:3      | Killed Natasha
  3939 | D:3      | Noticed Natasha
  3945 | D:3      | Killed Natasha
  3945 | D:3      | Reached XP level 7. HP: 37/37 MP: 8/12
  4162 | D:4      | Found Tadwat's Antique Weapon Boutique.
  4166 | D:4      | Reached skill level 1 in Fighting
  4224 | D:4      | Killed from afar by an orc priest

Vault maps used:
D:1:      erik_arrival_cave_to_civilisation, minmay_domino_2
D:2:      first_ration
D:3:      lightli_temple_of_fire, lemuel_crystal_altar, serial_forest,
          infiniplex_forest_lined_room_2, infiniplex_forest_lined_1,
          infiniplex_forest_clump_double, infiniplex_forest_zigzag_1,
          infiniplex_forest_pool, infiniplex_forest_straight_2, uniq_natasha,
          uniq_sigmund
D:4:      serial_shops, shop, shop, shop, serial_bayou_pond_c

Skill      XL: |  1  2  3  4  5  6  7 |
---------------+----------------------+-----
Earth Magic    | 4 5 6 7 |  7.0
Spellcasting   | 3 4 |  4.4
Conjurations   | 2 3 |  3.4
Fighting       | 1 |  1.4
Short Blades   | |  0.4
Dodging        | |  1.5
Stealth        | |  2.1
Transmutations | |  0.7

Action                   |  1- 3 |  4- 6 |  7- 9 || total
-------------------------+-------+-------+-------++-------
Melee: Whip              |    13 |       |       ||    13
       Unarmed           |     1 |       |       ||     1
       Dagger            |    61 |    32 |    42 ||   135
 Cast: Sandblast         |    36 |    28 |    13 ||    77
       Stone Arrow       |       |    17 |     5 ||    22
  Use: Scroll            |     1 |     2 |       ||     3
       Potion            |       |       |     5 ||     5
  Eat: Chunk             |     4 |     6 |       ||    10
       Ration            |       |     1 |       ||     1
Armor: Robe              |    29 |    18 |    23 ||    70
Dodge: Dodged            |    60 |    38 |    34 ||   132

Table legend:
 A = Spawn XP
 B = Non-spawn XP
 C = Spawn XP percentage of total XP
 D = Spawn monster count
 E = Non-spawn monster count
 F = Spawn count percentage of total count
 G = Total turns spent on level
                    A         B        C        D         E        F      G
               +---------+---------+-------+---------+---------+-------+---------
         Total |       0 |     880 |   0.0 |       0 |      83 |   0.0 |  4224
               +---------+---------+-------+---------+---------+-------+---------
           D:1 |       0 |      59 |   0.0 |       0 |      37 |   0.0 |  1452
           D:2 |       0 |     107 |   0.0 |       0 |      14 |   0.0 |  1040
           D:3 |       0 |     481 |   0.0 |       0 |      18 |   0.0 |  1498
           D:4 |       0 |     233 |   0.0 |       0 |      14 |   0.0 |   234
               +---------+---------+-------+---------+---------+-------+---------
